Map: Echo LE (Void)

Players

EternalJamie - Winner!

  • Race: Terran Terran
  • League: Diamond
  • Spawn Location: 5:00

Nemesis

  • Race: Protoss Protoss
  • League: Diamond
  • Spawn Location: 11:00

VOD

Have the link to the VOD?

Description

Time

  • Played on: Jan. 13, 2017, 5:12 p.m.
  • Length: 21:50
Show
View Real Time Build Order
Export as new Build Order

EternalJamie Terran - Winner!

Build Orders: Reaper Expand, MMM Bio 

Get SALT Encoding   

  12  0:00  SCV  
  13  0:13  SCV  
  14  0:17  Supply Depot  
  14  0:25  SCV  
  15  0:29  Refinery  
  15  0:39  SCV  
  16  0:46  Barracks  
  16  0:51  SCV  
  17  1:03  SCV  
  18  1:15  SCV  
  19  1:33  Orbital Command  
  19  1:35  Reaper  
  20  1:48  Command Center  
  20  1:59  Factory  
  20  2:01  SCV  
  21  2:07  Marine  
  22  2:11  Supply Depot  
  22  2:13  SCV  
  23  2:26  Refinery  
  23  2:28  Barracks Reactor  
  23  2:33  SCV  
  24  2:46  Starport  
  24  2:49  SCV  
  25  3:02  Orbital Command  
  25  3:07  SCV  
  25  3:08  Marine x2  
  25  3:10  Widow Mine  
  30  3:17  Barracks  
  30  3:26  Marine x2  
  30  3:27  SCV  
  32  3:34  Medivac  
  32  3:38  SCV  
  32  3:39  SCV  
  36  3:44  Widow Mine, Marine  
  36  3:45  Supply Depot  
  36  3:48  Marine  
  39  3:50  SCV  
  39  3:55  SCV  
  42  4:00  Supply Depot  
  42  4:03  SCV  
  42  4:04  Barracks Tech Lab  
  42  4:05  Marine  
  42  4:08  Starport Reactor  
  44  4:18  SCV x2  
  44  4:19  Marine  
  44  4:21  Factory Tech Lab  
  44  4:23  Marine  
  48  4:26  Engineering Bay  
  48  4:29  Supply Depot  
  48  4:30  Stimpack, SCV  
  49  4:33  Marine  
  49  4:35  SCV  
  51  4:39  Siege Tank  
  51  4:42  Supply Depot x2  
  51  4:45  Medivac  
  56  5:04  Marine  
  56  5:05  Liberator, Marine x2  
  56  5:06  SCV x2  
  61  5:11  Command Center  
  61  5:13  Missile Turret  
  61  5:15  Missile Turret  
  61  5:18  SCV  
  62  5:24  Marauder  
  62  5:25  Marine  
  62  5:27  Marine  
  69  5:30  SCV  
  69  5:34  Supply Depot  
  69  5:35  SCV  
  71  5:41  Siege Tank  
  71  5:42  SCV  
  75  5:44  Refinery  
  75  5:47  SCV  
  76  5:50  Supply Depot  
  76  5:51  Marine x3  
  79  6:00  SCV x2  
  81  6:04  Barracks, Refinery  
  81  6:09  Marine x2  
  83  6:17  Marine  
  84  6:20  SCV x2  
  82  6:27  Marine  
  82  6:29  Medivac, Siege Tank  
  82  6:30  Medivac  
  82  6:32  Orbital Command  
  89  6:36  SCV x2  
  89  6:38  Combat Shields  
  91  6:43  Liberator  
  91  6:46  Marine x2, Marauder  
  91  6:49  SCV x2  
  93  6:55  Barracks  
  96  7:02  Medivac  
  96  7:03  Marine  
  96  7:04  Marine x2  
  96  7:06  Orbital Command  
  98  7:19  Marine  
  98  7:22  Marine  
  100  7:24  Engineering Bay  
  100  7:25  SCV x2  
  100  7:27  Barracks Reactor  
  100  7:28  Marine, Barracks  
  103  7:31  Missile Turret  
  103  7:33  SCV  
  104  7:37  SCV x2, Marauder  
  104  7:38  Missile Turret  
  104  7:40  Marine  
  109  7:45  SCV  
  109  7:46  Armory, Barracks Tech Lab  
  109  7:47  Marine  
  111  7:51  Terran Infantry Armor Level 1  
  111  7:54  Terran Infantry Weapons Level 1  
  111  7:55  SCV, Missile Turret  
  111  7:57  Marine  
  113  7:59  Supply Depot, Marauder  
  113  8:04  Marine  
  116  8:09  Supply Depot  
  116  8:10  Marine  
  117  8:20  Marine  
  117  8:21  Viking x2, SCV x3  
  125  8:27  Barracks Reactor  
  125  8:30  Marine x4  
  125  8:31  Marauder  
  125  8:33  SCV  
  132  8:36  SCV  
  132  8:39  Refinery  
  132  8:40  Supply Depot, Refinery  
  133  8:41  Supply Depot  
  133  8:45  Liberator  
  133  8:47  Supply Depot  
  133  8:52  Starport  
  133  8:54  SCV, Marauder  
  133  8:59  Barracks  
  133  9:00  Barracks  
  133  9:02  Marine x3, Marauder  
  141  9:03  SCV, Siege Tank  
  141  9:04  SCV  
  146  9:13  Marine x3  
  146  9:16  Marauder  
  151  9:19  Marine x3  
  151  9:31  Viking, Starport Reactor  
  151  9:32  Marine  
  151  9:33  Marine, Marauder  
  157  9:52  Command Center  
  157  9:55  Barracks  
  157  9:57  Factory Reactor  
  157  10:02  Barracks Reactor  
  157  10:03  Barracks Tech Lab  
  157  10:07  Terran Ship Weapons Level 1  
  157  10:11  Factory Reactor  
  157  10:26  Terran Infantry Armor Level 2, Terran Infantry Weapons Level 2  
  157  10:50  Marine x3, Missile Turret  
  157  10:51  Marine, SCV x3, Missile Turret  
  157  10:53  Marine  
  157  10:54  Marine  
  156  10:57  Viking  
  156  11:03  SCV  
  156  11:04  Viking, Marauder x3  
  164  11:08  Marine x3  
  164  11:09  Marine  
  164  11:10  Marine  
  168  11:12  Marine  
  168  11:16  Sensor Tower, Marauder, Marine  
  168  11:18  Sensor Tower  
  172  11:26  Ghost Academy  
  172  11:29  Supply Depot  
  172  11:30  Marine x3, Supply Depot, Viking x2, Marauder  
  172  11:31  Marauder x2  
  185  11:34  Starport, Supply Depot  
  185  11:35  Fusion Core  
  185  11:37  Planetary Fortress  
  185  11:41  Marine, Refinery, Marauder  
  185  11:42  Refinery  
  188  11:51  Marine x4  
  188  11:52  Viking x2, Marauder  
  188  11:54  Liberator  
  197  12:11  Starport Tech Lab  
  200  12:17  Personal Cloaking  
  200  12:46  Terran Infantry Weapons Level 3, Terran Infantry Armor Level 3  
  200  12:52  Terran Ship Weapons Level 2  
  199  13:12  Ghost x4  
  197  13:20  Liberator  
  197  13:29  Medivac  
  197  13:30  Medivac  
  197  13:33  Widow Mine x2  
  193  13:37  Command Center  
  193  13:40  Ghost  
  200  13:43  Nuke  
  200  14:08  Refinery, Missile Turret  
  200  14:09  Command Center  
  200  14:10  Refinery  
  200  14:11  Missile Turret  
  198  14:30  Sensor Tower  
  198  14:33  Missile Turret  
  198  14:34  Ghost  
  198  14:41  Liberator  
  198  14:42  Liberator  
  183  14:56  Ghost x3  
  183  14:58  Medivac x2  
  189  15:00  Planetary Fortress  
  189  15:03  Ghost  
  191  15:07  Liberator  
  191  15:11  Liberator x2  
  191  15:24  Liberator  
  197  15:33  Liberator  
  189  15:46  Ghost x3  
  189  15:47  Ghost  
  196  16:07  Building Armor, Hi-Sec Auto Tracking  
  196  16:13  Sensor Tower  
  196  16:15  Ghost x2  
  196  16:16  Liberator x4  
  196  16:17  Liberator  
  196  16:32  Marine x2, Ghost x2  
  177  16:33  Marine  
  177  16:37  Marine x3  
  177  16:38  Marine  
  192  16:43  Ghost x2  
  196  16:49  Marine  
  196  16:50  Marine x2  
  196  16:51  Marine  
  200  17:00  Ghost  
  197  17:13  Marauder, Orbital Command  
  199  17:25  Starport x2  
  199  17:27  Starport  
  199  17:28  Starport  
  199  17:56  SCV  
  200  18:13  Starport Tech Lab x4  
  200  18:14  Refinery  
  194  18:33  Weapon Refit  
  191  18:47  Battlecruiser  
  191  19:05  Command Center  
  187  19:12  Command Center  
  178  19:19  Command Center  
  160  19:34  Concussive Shells  
  142  19:53  Battlecruiser x4  
  154  20:14  Refinery  
  154  20:15  Refinery  
  154  20:22  Refinery  
  146  20:29  Refinery  
  146  20:51  Refinery  
  146  20:53  Orbital Command x3  
  162  21:16  Refinery  
Show
View Real Time Build Order
Export as new Build Order

Nemesis Protoss 

Build Orders: 1 Gate Expand, Colossus Rush 

Get SALT Encoding   

  12  0:01  Probe (Chrono Boost)  
  13  0:11  Probe (Chrono Boost)  
  14  0:17  Pylon  
  14  0:22  Probe (Chrono Boost)  
  16  0:35  Probe (Chrono Boost)  
  16  0:37  Gateway  
  16  0:46  Probe (Chrono Boost)  
  17  0:55  Assimilator  
  17  0:56  Probe (Chrono Boost)  
  18  1:07  Probe (Chrono Boost)  
  20  1:25  Nexus  
  20  1:32  Cybernetics Core  
  19  1:35  Probe (Chrono Boost)  
  20  1:46  Probe (Chrono Boost)  
  21  1:47  Pylon  
  21  1:54  Assimilator  
  21  1:56  Probe (Chrono Boost)  
  22  2:07  Probe (Chrono Boost)  
  22  2:08  Warp Gate  
  23  2:13  Adept  
  25  2:19  Mothership Core (Chrono Boost)  
  27  2:37  Probe (Chrono Boost)  
  27  2:39  Probe (Chrono Boost)  
  27  2:41  Stalker  
  31  2:48  Probe (Chrono Boost)  
  31  2:51  Probe (Chrono Boost)  
  33  2:55  Robotics Facility  
  34  2:58  Probe (Chrono Boost)  
  34  3:03  Probe (Chrono Boost)  
  34  3:09  Probe (Chrono Boost)  
  35  3:15  Gateway, Probe (Chrono Boost)  
  35  3:19  Probe (Chrono Boost)  
  37  3:21  Gateway  
  37  3:26  Stalker  
  39  3:37  Probe (Chrono Boost)  
  39  3:38  Probe (Chrono Boost)  
  41  3:46  Pylon  
  41  3:48  Observer  
  42  3:50  Probe (Chrono Boost)  
  43  3:57  Probe (Chrono Boost)  
  43  3:58  Pylon  
  44  4:09  Immortal  
  44  4:15  Probe (Chrono Boost)  
  44  4:16  Probe (Chrono Boost)  
  50  4:21  Adept x2, Robotics Bay  
  54  4:25  Probe (Chrono Boost)  
  54  4:28  Probe (Chrono Boost)  
  56  4:31  Assimilator  
  56  4:34  Assimilator  
  56  4:36  Probe (Chrono Boost)  
  57  4:40  Stalker  
  57  4:43  Pylon  
  59  4:46  Warp Prism  
  59  4:48  Pylon  
  61  4:56  Probe (Chrono Boost)  
  61  4:58  Probe (Chrono Boost)  
  61  5:08  Extended Thermal Lance, Probe x2 (Chrono Boost)  
  62  5:20  Observer  
  62  5:26  Probe (Chrono Boost)  
  62  5:27  Probe (Chrono Boost)  
  65  5:34  Stalker x2  
  69  5:35  Adept  
  69  5:40  Probe (Chrono Boost)  
  72  5:44  Colossus  
  72  5:47  Nexus  
  72  5:49  Pylon  
  72  5:51  Pylon  
  78  6:08  Probe x2 (Chrono Boost)  
  80  6:13  Adept x2, Stalker  
  80  6:18  Twilight Council  
  86  6:21  Probe x2 (Chrono Boost)  
  88  6:40  Blink  
  80  6:47  Stalker x3  
  82  7:13  Colossus  
  82  7:14  Probe (Chrono Boost)  
  82  7:15  Stalker x3, Probe (Chrono Boost)  
  96  7:27  Probe x2 (Chrono Boost)  
  98  7:34  Forge x2, Probe (Chrono Boost)  
  99  7:39  Probe x2 (Chrono Boost)  
  99  7:43  Pylon, Sentry  
  103  7:45  Adept x2  
  103  7:46  Probe (Chrono Boost)  
  103  7:51  Probe (Chrono Boost)  
  109  8:03  Probe x2 (Chrono Boost)  
  109  8:05  Probe (Chrono Boost)  
  112  8:07  Protoss Ground Weapons Level 1  
  112  8:10  Stalker x2  
  116  8:16  Protoss Ground Armor Level 1  
  116  8:26  Probe (Chrono Boost)  
  117  8:28  Assimilator  
  117  8:30  Assimilator  
  117  8:45  Pylon  
  114  8:48  Pylon  
  114  8:50  Pylon  
  114  8:51  Colossus  
  115  8:56  Gateway  
  115  8:57  Gateway  
  115  8:58  Gateway, Probe x2 (Chrono Boost)  
  117  9:06  Pylon  
  117  9:08  Adept x2  
  117  9:09  Adept  
  111  9:27  Resonating Glaives, Probe (Chrono Boost)  
  111  9:29  Probe x2 (Chrono Boost)  
  114  9:38  Probe (Chrono Boost)  
  115  9:41  Probe x2 (Chrono Boost)  
  115  9:45  Photon Cannon  
  117  9:47  Photon Cannon  
  117  9:48  Probe (Chrono Boost)  
  117  9:50  Colossus  
  126  9:53  Protoss Ground Armor Level 2, Probe x2 (Chrono Boost)  
  126  9:54  Protoss Ground Weapons Level 2  
  126  9:58  Adept  
  126  9:59  Adept x2, Probe (Chrono Boost)  
  133  10:00  Zealot  
  133  10:05  Probe (Chrono Boost)  
  136  10:16  Probe (Chrono Boost)  
  136  10:17  Probe x2 (Chrono Boost)  
  139  10:26  Probe (Chrono Boost)  
  140  10:29  Zealot x3  
  140  10:30  Zealot  
  148  10:41  Templar Archives  
  148  10:52  Photon Cannon  
  148  10:56  Pylon  
  145  11:14  Colossus  
  145  11:17  Templar Archives  
  151  11:20  Gateway  
  151  11:21  Zealot x3  
  157  11:43  Nexus  
  157  11:45  Pylon  
  157  11:47  Pylon  
  157  11:51  Psionic Storm  
  155  11:56  High Templar  
  155  12:02  Protoss Ground Weapons Level 3  
  155  12:08  High Templar x5  
  161  12:11  Probe (Chrono Boost)  
  161  12:13  Probe (Chrono Boost)  
  161  12:14  Probe (Chrono Boost)  
  168  12:17  Zealot  
  168  12:18  Disruptor  
  173  12:26  Pylon  
  173  12:31  Protoss Ground Armor Level 3  
  173  12:45  Pylon  
  173  12:46  Probe (Chrono Boost)  
  173  12:47  Pylon  
  173  12:48  Zealot x3  
  180  12:53  Pylon  
  178  13:21  Stalker x3  
  184  13:40  Nexus  
  184  13:43  Photon Cannon  
  184  13:45  Photon Cannon, Zealot x2  
  184  13:46  Zealot x4  
  184  13:47  Zealot  
  198  13:48  Photon Cannon  
  198  14:21  Observer  
  175  14:48  Zealot x6  
  175  14:49  Zealot  
  188  14:59  Gateway  
  188  15:00  Gateway  
  188  15:03  Gateway  
  188  15:05  Stargate  
  188  15:07  Stargate  
  188  15:12  Assimilator  
  188  15:16  Assimilator  
  154  15:48  Archon  
  154  15:49  Archon  
  154  15:50  Archon  
  154  15:55  Zealot x5  
  154  15:56  Zealot x2  
  170  15:57  Probe (Chrono Boost)  
  170  15:58  Probe x2 (Chrono Boost)  
  175  16:05  Probe (Chrono Boost)  
  175  16:08  Probe (Chrono Boost)  
  175  16:09  Fleet Beacon  
  175  16:10  Probe (Chrono Boost)  
  175  16:11  Probe (Chrono Boost)  
  175  16:16  Probe (Chrono Boost)  
  177  16:18  Probe (Chrono Boost)  
  177  16:22  Probe (Chrono Boost)  
  77  16:41  Zealot x5  
  77  16:42  Zealot x3  
  77  16:43  Zealot  
  77  16:44  Disruptor  
  96  16:53  High Templar  
  44  17:32  High Templar  
  44  17:33  High Templar x5  
  44  17:34  High Templar  
  53  18:10  Stalker x5  
  52  18:30  Stalker x2  
  54  18:41  Adept x2  
  54  18:42  Adept x3  
Tags
 
Add a new tag
Caveats
  • Supply blocks, unpowered buildings, or Contaminate may cause inaccurate times.
  • Supply counts are checked every 10 seconds.